 Dungeon Crawl Stone Soup version 0.27.1-3-gb3d3a73c9e (webtiles) character file.

Game seed: 3728064608578938230

315 Crownlay the Chiller (level 6, -3/44 HPs)
             Began as a Gnoll Ice Elementalist on Oct 17, 2021.
             Slain by a bullfrog skeleton (4 damage)
             ... on level 4 of the Dungeon.
             The game lasted 00:03:56 (3571 turns).

Crownlay the Chiller (Gnoll Ice Elementalist)       Turns: 3571, Time: 00:03:56

Health: -3/44      AC:  6    Str:  7    XL:     6   Next: 44%
Magic:  2/14       EV: 12    Int: 17    God:
Gold:   150        SH:  0    Dex: 12    Spells: 8/15 levels left

rFire    + . .     SeeInvis .   i - +0 long sword
rCold    . . .     Faith    .   (no shield)
rNeg     . . .     Spirit   .   p - +1 leather armour {rF+}
rPois    .         Reflect  .   l - +0 helmet
rElec    .         Harm     .   (no cloak)
rCorr    .         Rampage  .   b - +0 pair of gloves
Will     .....                  (no boots)
Stlth    ++........             (no amulet)
HPRegen  0.14/turn              (no ring)
MPRegen  0.14/turn              (no ring)

@: freezing walls
A: fangs 1, strong nose, distributed training
a: no special abilities


You were on level 4 of the Dungeon.
You visited 1 branch of the dungeon, and saw 4 of its levels.

You collected 150 gold pieces.

Inventory:

Hand Weapons
 i - a +0 long sword (weapon)
Armour
 b - a +0 pair of gloves (worn)
 l - a +0 helmet (worn)
 p - a +1 leather armour of fire resistance (worn)
Jewellery
 m - a ring of fire
Scrolls
 c - a scroll of blinking {unknown}
 d - 3 scrolls of identify {unknown}
 e - a scroll of amnesia {unknown}
 f - a scroll of noise {unknown}
 g - 2 scrolls of immolation {unknown}
 h - a scroll of enchant armour {unknown}
 j - a scroll of vulnerability {unknown}
 o - a scroll of summoning {unknown}
Potions
 k - 2 potions of ambrosia {unknown}
 n - a potion of lignification {unknown}


   Skills:
 + Level 2.0 Fighting
 + Level 2.0 Short Blades
 + Level 2.0 Long Blades
 + Level 2.0 Axes
 + Level 2.0 Maces & Flails
 + Level 2.0 Polearms
 + Level 2.0 Staves
 + Level 2.0 Slings
 + Level 2.0 Bows
 + Level 2.0 Crossbows
 + Level 2.0 Throwing
 + Level 2.0 Armour
 + Level 5.0 Dodging
 + Level 4.6 Stealth
 + Level 2.0 Shields
 + Level 2.0 Unarmed Combat
 + Level 5.3 Spellcasting
 + Level 1.5 Conjurations
 + Level 1.5 Hexes
 + Level 1.5 Summonings
 + Level 1.5 Necromancy
 + Level 1.5 Translocations
 + Level 1.5 Transmutations
 + Level 1.5 Fire Magic
 + Level 7.3 Ice Magic
 + Level 1.5 Air Magic
 + Level 1.5 Earth Magic
 + Level 1.5 Poison Magic
 + Level 2.1 Invocations
 + Level 2.0 Evocations


You had 8 spell levels left.
You knew the following spells:

 Your Spells              Type           Power      Damage    Failure   Level
a - Freeze                Ice            100%       1d11      1%          1
b - Frozen Ramparts       Ice            58%        1d7       3%          3
c - Ozocubu's Armour      Ice            29%        N/A       3%          3

Your spell library contained the following spells:

 Spells                   Type           Power      Damage    Failure   Level
 Hailstorm                Conj/Ice       19%        3d6       32%         4


Dungeon Overview and Level Annotations

Branches:
Dungeon (4/15)
 Temple: D:4-7

Altars:
Nemelex Xobeh


Innate Abilities, Weirdness & Mutations

You have very sharp teeth.
Your uncanny sense of smell can sniff out nearby items.
Your experience applies equally to all skills.


Message History

The phantom hits you.
* * * LOW HITPOINT WARNING * * *
You are too injured to fight recklessly!
You slash the phantom! Your bite misses the phantom.
The phantom is severely damaged.
The phantom completely resists.
The wall freezes the phantom but does no damage.
The phantom hits you but does no damage.
The bullfrog skeleton resists.
The wall freezes the bullfrog skeleton.
The phantom completely resists.
The wall freezes the phantom but does no damage.
The phantom hits you.
* * * LOW HITPOINT WARNING * * *
You hit the phantom.
You destroy the phantom!
The bullfrog skeleton resists.
The wall freezes the bullfrog skeleton.
The bullfrog skeleton barely misses you.
You riposte.
You slash the bullfrog skeleton!
The bullfrog skeleton is moderately damaged.
Your Fighting skill increases to level 2!
Your Short Blades skill increases to level 2!
Your Long Blades skill increases to level 2!
Your Axes skill increases to level 2!
Your Maces & Flails skill increases to level 2!
Your Polearms skill increases to level 2!
Your Staves skill increases to level 2!
Your Slings skill increases to level 2!
Your Bows skill increases to level 2!
Your Crossbows skill increases to level 2!
Your Throwing skill increases to level 2!
Your Armour skill increases to level 2!
Your Dodging skill increases to level 5!
Your Shields skill increases to level 2!
Your Unarmed Combat skill increases to level 2!
Your Evocations skill increases to level 2!
You hit the bullfrog skeleton.
The bullfrog skeleton is heavily damaged.
The bullfrog skeleton completely resists.
The wall freezes the bullfrog skeleton but does no damage.
The bullfrog skeleton hits you.
You die...

#.# #.# #.# #Z# #.#
#§# #.# .########>#
.......@Z)#########
.<......)).........
....#.###)#..#####
.## #. #.#..###
#.###.#....# ∆
........#.#
###.##....# #.
#...## #. #.<.#


You could see a bullfrog skeleton.

Vanquished Creatures
  A necrophage (D:2)
  A phantom (D:4)
  An orc wizard (D:4)
  A hound skeleton (D:4)
  Robin (D:3)
  3 adders
  3 dart slugs (D:1)
  5 orcs
  6 ball pythons
  6 bats
  5 endoplasms
  A giant cockroach (D:3)
  13 goblins
  2 hobgoblins (D:1)
  4 jackals (D:3)
  3 kobolds
  3 quokkas
  3 frilled lizards (D:3)
  5 rats
67 creatures vanquished.

Vanquished Creatures (others)
  2 plants (D:1)
2 creatures vanquished.

Grand Total: 69 creatures vanquished

Notes
Turn   | Place    | Note
-------+----------+-------------------------------------------
     0 | D:1      | Crownlay the Gnoll Ice Elementalist began the quest for the
                  | Orb.
     0 | D:1      | Reached XP level 1. HP: 13/13 MP: 6/6
   287 | D:1      | Found a faded altar of an unknown god.
   398 | D:1      | Reached XP level 2. HP: 17/19 MP: 3/7
   958 | D:1      | Reached XP level 3. HP: 25/25 MP: 6/9
   962 | D:1      | Learned a level 3 spell: Frozen Ramparts
   966 | D:1      | Learned a level 3 spell: Ozocubu's Armour
  1288 | D:2      | Reached skill level 5 in Spellcasting
  1436 | D:2      | Reached skill level 1 in Invocations
  1541 | D:2      | Noticed a necrophage
  1554 | D:2      | Killed a necrophage
  1555 | D:2      | Reached skill level 1 in Fighting
  1555 | D:2      | Reached skill level 1 in Short Blades
  1555 | D:2      | Reached skill level 1 in Long Blades
  1555 | D:2      | Reached skill level 1 in Axes
  1555 | D:2      | Reached skill level 1 in Maces & Flails
  1555 | D:2      | Reached skill level 1 in Polearms
  1555 | D:2      | Reached skill level 1 in Staves
  1555 | D:2      | Reached skill level 1 in Slings
  1555 | D:2      | Reached skill level 1 in Bows
  1555 | D:2      | Reached skill level 1 in Crossbows
  1555 | D:2      | Reached skill level 1 in Throwing
  1555 | D:2      | Reached skill level 1 in Armour
  1555 | D:2      | Reached skill level 1 in Shields
  1555 | D:2      | Reached skill level 1 in Unarmed Combat
  1555 | D:2      | Reached skill level 1 in Conjurations
  1555 | D:2      | Reached skill level 1 in Hexes
  1555 | D:2      | Reached skill level 1 in Summonings
  1555 | D:2      | Reached skill level 1 in Necromancy
  1555 | D:2      | Reached skill level 1 in Translocations
  1555 | D:2      | Reached skill level 1 in Transmutations
  1555 | D:2      | Reached skill level 1 in Fire Magic
  1555 | D:2      | Reached skill level 1 in Air Magic
  1555 | D:2      | Reached skill level 1 in Earth Magic
  1555 | D:2      | Reached skill level 1 in Poison Magic
  1555 | D:2      | Reached skill level 1 in Evocations
  1555 | D:2      | Reached XP level 4. HP: 9/32 MP: 3/11
  1555 | D:2      | Reached XP level 5. HP: 11/37 MP: 3/12
  2653 | D:3      | Noticed Robin
  2744 | D:3      | Killed Robin
  2868 | D:3      | Found a sparkling altar of Nemelex Xobeh.
  3539 | D:4      | Noticed a phantom
  3545 | D:4      | Reached XP level 6. HP: 34/44 MP: 5/13
  3569 | D:4      | HP: 1/44 [phantom (4)]
  3571 | D:4      | Reached skill level 5 in Dodging
  3571 | D:4      | Slain by a bullfrog skeleton

Illustrated notes

Levels and vault maps discovered:
D:1:      matt_arrival_grand_opening, layout_basic,
          dreamdust_ecumenical_altar_grove
D:2:      layout_basic
D:3:      layout_rooms, mainiacjoe_overflow_concentric_impassable,
          nrook_mini_backslash, minmay_vboxes, uniq_robin
D:4:      layout_loops_ring, kennysheep_vampire_church, lemuel_doored_altar,
          kennysheep_generic_room_9, uniq_purgy, uniq_sigmund

Skill      XL: |  1  2  3  4  5  6 |
---------------+-------------------+-----
Spellcasting   | 5 |  5.3
Invocations    | 1 2 |  2.1
Fighting       | 1 2 |  2.0
Short Blades   | 1 2 |  2.0
Long Blades    | 1 2 |  2.0
Axes           | 1 2 |  2.0
Maces & Flails | 1 2 |  2.0
Polearms       | 1 2 |  2.0
Staves         | 1 2 |  2.0
Slings         | 1 2 |  2.0
Bows           | 1 2 |  2.0
Crossbows      | 1 2 |  2.0
Throwing       | 1 2 |  2.0
Armour         | 1 2 |  2.0
Shields        | 1 2 |  2.0
Unarmed Combat | 1 2 |  2.0
Conjurations   | 1 |  1.5
Hexes          | 1 |  1.5
Summonings     | 1 |  1.5
Necromancy     | 1 |  1.5
Translocations | 1 |  1.5
Transmutations | 1 |  1.5
Fire Magic     | 1 |  1.5
Air Magic      | 1 |  1.5
Earth Magic    | 1 |  1.5
Poison Magic   | 1 |  1.5
Evocations     | 1 2 |  2.0
Dodging        | 5 |  5.0
Stealth        | |  4.6
Ice Magic      | |  7.3

Action                   |  1- 3 |  4- 6 || total
-------------------------+-------+-------++-------
Melee: Unarmed           |    24 |       ||    24
       Bite              |     6 |     5 ||    11
       Long sword        |       |    74 ||    74
 Cast: Freeze            |    33 |    21 ||    54
       Frozen Ramparts   |     1 |     7 ||     8
       Ozocubu's Armour  |       |     4 ||     4
 Stab: Sleeping          |     2 |     2 ||     4
Armor: Robe              |     1 |    20 ||    21
       Leather armour    |       |    11 ||    11
Dodge: Dodged            |    23 |    72 ||    95
       Rpst.: Long sword |       |    25 ||    25
